Map: Zen LE

Players

TSGTYTY (TY) - Winner!

  • Race: Terran Terran
  • League: Grandmaster
  • Spawn Location: 7:00

soO

  • Race: Zerg Zerg
  • Spawn Location: 1:00

VOD

Have the link to the VOD?

Description

Time

  • Played on: Jan. 7, 2020, 9:55 p.m.
  • Length: 17:37
Show
View Real Time Build Order
Export as new Build Order

TSGTYTY Terran - Winner!

Build Orders: Reaper Expand, Hellion Banshee 

Get SALT Encoding   

  12  0:00  SCV  
  13  0:12  SCV  
  14  0:17  Supply Depot  
  14  0:25  SCV  
  15  0:38  SCV  
  15  0:40  Barracks  
  16  0:44  Refinery  
  16  0:50  SCV  
  17  1:02  SCV  
  18  1:15  SCV  
  19  1:27  Orbital Command, Reaper  
  20  1:40  Command Center  
  20  1:53  SCV  
  21  1:58  Marine  
  22  2:03  Factory  
  22  2:09  SCV, Supply Depot  
  23  2:28  Barracks Reactor, Refinery  
  23  2:31  SCV  
  23  2:35  Bunker  
  24  2:43  SCV  
  25  2:50  Hellion  
  27  2:55  SCV  
  27  2:56  Starport  
  28  2:59  Orbital Command  
  28  3:04  Marine x2  
  30  3:08  SCV  
  30  3:12  Factory Tech Lab  
  31  3:20  SCV  
  31  3:22  Marine x2  
  31  3:25  SCV  
  35  3:32  SCV  
  36  3:37  SCV  
  36  3:39  Cloaking Field  
  36  3:40  Banshee  
  40  3:42  Supply Depot  
  40  3:44  SCV  
  43  3:50  SCV  
  42  3:56  SCV  
  42  4:01  Hellion  
  42  4:02  SCV  
  46  4:04  Hellion  
  46  4:07  Supply Depot  
  46  4:08  SCV  
  49  4:10  Supply Depot  
  49  4:14  SCV  
  50  4:20  SCV  
  50  4:23  Banshee  
  54  4:28  SCV  
  54  4:29  Hellion x2  
  59  4:32  SCV, Supply Depot  
  60  4:40  SCV, Command Center  
  60  4:44  SCV  
  62  4:51  Supply Depot  
  62  4:53  SCV  
  62  4:54  Hellion x2  
  62  4:56  SCV  
  68  5:00  Refinery x2  
  68  5:04  Barracks Tech Lab  
  68  5:05  SCV  
  69  5:09  SCV  
  73  5:17  SCV  
  73  5:21  SCV  
  75  5:25  Marine, Stimpack  
  73  5:29  SCV  
  73  5:32  Barracks  
  73  5:33  SCV, Starport Reactor, Barracks  
  75  5:40  Siege Tank  
  75  5:41  SCV  
  75  5:45  SCV, Marine  
  77  5:53  SCV  
  77  5:55  Engineering Bay x2  
  77  5:56  Orbital Command  
  78  5:57  SCV  
  78  6:03  Marine  
  80  6:05  SCV  
  80  6:09  SCV  
  82  6:12  Siege Tank  
  82  6:17  SCV  
  86  6:21  Marine x3, SCV, Starport Reactor  
  90  6:26  Terran Infantry Weapons Level 1, Terran Infantry Armor Level 1  
  90  6:29  SCV x2  
  90  6:32  Marine x2  
  94  6:33  SCV, Supply Depot  
  94  6:34  Supply Depot  
  93  6:41  Marine x2, SCV  
  93  6:44  Siege Tank  
  99  6:48  SCV  
  99  6:49  SCV  
  99  6:50  Marine, Barracks x2  
  99  6:52  Armory  
  101  6:54  Marine, SCV  
  101  6:57  Medivac  
  101  6:58  Medivac  
  101  6:59  Marine  
  101  7:00  SCV, Marine  
  111  7:01  SCV, Marine  
  111  7:06  Supply Depot  
  111  7:07  SCV  
  113  7:08  Marine  
  113  7:09  Supply Depot  
  113  7:12  Marine, Combat Shield  
  113  7:15  SCV  
  116  7:16  SCV  
  115  7:27  Marine x4, Medivac, Siege Tank  
  121  7:30  Marine, SCV, Supply Depot  
  121  7:31  SCV  
  121  7:34  Supply Depot  
  124  7:38  Barracks Reactor x2, Refinery  
  124  7:40  Missile Turret  
  125  7:46  Missile Turret  
  125  7:47  Marine x3  
  125  7:48  Missile Turret  
  127  7:51  Marine  
  127  7:52  Marine  
  127  7:54  Factory  
  127  7:57  SCV x3  
  132  8:02  Drilling Claws  
  132  8:03  Widow Mine  
  132  8:05  Marine x2  
  135  8:13  Medivac x2  
  135  8:19  Marine x7  
  142  8:22  Marine  
  142  8:23  Marine  
  142  8:26  Terran Infantry Weapons Level 2, Terran Infantry Armor Level 2  
  146  8:37  Marine x3  
  146  8:38  Factory Reactor  
  149  8:41  Terran Vehicle And Ship Armor Level 1  
  149  8:44  Supply Depot  
  149  8:45  Supply Depot  
  149  8:48  Marine x2  
  149  8:49  Marine x2  
  149  8:59  Supply Depot  
  149  9:00  Supply Depot  
  149  9:03  Command Center  
  149  9:06  SCV x3, Siege Tank  
  155  9:12  Marine  
  155  9:13  Marine  
  155  9:17  Marine x2  
  148  9:19  Medivac x2  
  148  9:22  Widow Mine x2  
  158  9:25  Marine x5  
  158  9:30  Marine  
  158  9:35  Marine x2  
  158  9:36  Marine  
  158  9:37  Barracks  
  158  9:38  Barracks  
  158  9:39  Barracks  
  158  9:42  Widow Mine  
  158  9:43  Marine x2, Refinery  
  163  9:46  Sensor Tower  
  163  9:48  Widow Mine x2  
  166  9:54  Medivac x2  
  166  9:56  SCV x2  
  166  9:58  Marine x2  
  166  9:59  Marine x4  
  177  10:00  Marine  
  177  10:01  Marine  
  177  10:04  Widow Mine  
  181  10:13  Command Center  
  181  10:15  Widow Mine  
  181  10:16  Widow Mine  
  185  10:24  Medivac  
  185  10:25  Widow Mine  
  185  10:28  Barracks Tech Lab x2  
  189  10:29  Barracks Tech Lab  
  189  10:35  Marine x5, Marauder  
  192  10:39  Planetary Fortress  
  192  10:41  Marine  
  192  10:42  Marine  
  195  10:43  Marine  
  168  10:50  Widow Mine x2  
  168  10:53  Marine x2  
  168  10:55  Medivac x2  
  169  10:58  Marine, Marauder  
  169  10:59  Marine x5  
  169  11:01  Marauder  
  169  11:02  SCV  
  176  11:11  Marine x4  
  176  11:16  Marine  
  176  11:18  Marauder x2  
  183  11:22  Widow Mine x3  
  183  11:26  Marine x2  
  183  11:29  Marine x2  
  177  11:36  SCV x3  
  180  11:42  Marauder  
  180  11:43  Marine x5  
  180  11:44  Widow Mine x3, Terran Infantry Weapons Level 3  
  180  11:47  Terran Infantry Armor Level 3  
  179  11:54  SCV x2, Planetary Fortress  
  155  12:03  Medivac x2  
  155  12:04  Marine x3, Marauder x2  
  155  12:05  Marine  
  154  12:09  Marine x2  
  154  12:11  Marine x4  
  154  12:14  Concussive Shells  
  154  12:15  Widow Mine x2  
  155  12:17  Missile Turret  
  155  12:22  Marine x4  
  158  12:25  Marine x2  
  158  12:27  Marine x2  
  158  12:29  Marine x4, Widow Mine  
  169  12:36  Widow Mine  
  167  12:37  Medivac, Ghost Academy  
  167  12:40  Marine x2  
  167  12:41  Marine  
  167  12:42  Marine  
  167  12:43  Marauder  
  167  12:44  Marauder  
  175  12:45  Marine  
  175  12:50  Medivac  
  150  13:01  Marauder x2  
  150  13:02  Marine x6  
  150  13:04  Widow Mine x2  
  146  13:07  Medivac  
  146  13:10  Barracks  
  146  13:11  Barracks, Marauder  
  146  13:12  Marine x2, Command Center  
  153  13:15  Widow Mine  
  153  13:16  Terran Vehicle And Ship Armor Level 2  
  154  13:20  SCV x3, Medivac  
  154  13:24  Sensor Tower  
  154  13:25  Marine x4  
  163  13:32  Marine x2, SCV, Missile Turret, Widow Mine x2  
  170  13:37  Medivac  
  170  13:50  Medivac  
  170  13:51  Marine x3, Marauder x2  
  170  13:53  Marine x4  
  183  13:57  Marine x3  
  183  14:01  Widow Mine x3  
  190  14:06  Command Center  
  190  14:07  Medivac  
  185  14:19  Medivac  
  185  14:23  Marine x3, Widow Mine  
  185  14:24  Marauder x2  
  193  14:25  Marine x6  
  193  14:26  Barracks Reactor, Barracks Tech Lab  
  199  14:32  Marine  
  200  14:41  Neosteel Armor  
  200  14:50  Marine x2  
  200  14:51  Marine, Marauder x2  
  192  14:52  Marine x2  
  192  14:53  Marine x2  
  192  14:55  Marine x3  
  191  15:09  Widow Mine x2  
  191  15:11  Marine x4, Marauder  
  191  15:12  Marauder  
  191  15:13  Marine x4  
  177  15:15  Widow Mine  
  177  15:16  Medivac x2  
  177  15:18  Marine x3  
  177  15:20  Marine x2  
  175  15:25  Planetary Fortress  
  175  15:28  Fusion Core  
  162  15:29  Marine x4  
  162  15:31  Marine x4, Widow Mine  
  162  15:33  Marauder  
  162  15:34  Marauder  
  175  15:35  Marine  
  175  15:36  Marine  
  175  15:37  Widow Mine x2  
  175  15:39  Marine  
  175  15:40  Marauder x2  
  186  15:46  Marine x2, Medivac x2  
  186  15:47  Marine x2  
  194  15:52  Widow Mine  
  194  15:55  Marine x2  
  194  15:56  Marine x2  
  185  15:57  SCV x2  
  185  15:59  Marine x2, Marauder  
  194  16:05  Marine x2, Marauder x2  
  194  16:09  Sensor Tower  
  197  16:12  Marine, Marauder  
  200  16:24  Marauder  
  200  16:25  Marine x3, Marauder  
  181  16:27  Marine x4  
  181  16:28  Planetary Fortress  
  181  16:30  Marine x4  
  183  16:35  Widow Mine x2  
  183  16:38  Command Center  
  187  16:42  Marine, Marauder  
  187  16:43  Marine x2  
  187  16:45  Marine x3  
  187  16:46  Marauder  
  197  16:58  Marine  
  197  16:59  Marine x3  
  197  17:10  Marine, Marauder x2  
Show
View Real Time Build Order
Export as new Build Order

soO Zerg 

Build Orders: Pool First 

Get SALT Encoding   

  12  0:00  Drone  
  13  0:12  Overlord  
  13  0:16  Drone  
  14  0:30  Drone x2  
  16  0:40  Spawning Pool  
  15  0:44  Drone  
  15  0:48  Drone  
  17  1:08  Hatchery  
  16  1:11  Drone  
  16  1:15  Drone  
  18  1:25  Extractor  
  18  1:27  Zergling x4  
  18  1:32  Queen  
  21  1:38  Overlord  
  21  1:50  Drone  
  22  2:00  Drone  
  23  2:07  Queen  
  25  2:13  Drone  
  26  2:21  Drone x2, Queen  
  29  2:30  Metabolic Boost  
  29  2:32  Drone  
  29  2:33  Drone  
  31  2:40  Drone  
  31  2:43  Drone x3  
  35  2:51  Overlord  
  35  3:03  Hatchery  
  35  3:05  Drone  
  35  3:10  Drone  
  35  3:11  Drone x2  
  38  3:14  Drone  
  38  3:17  Drone  
  38  3:19  Drone  
  43  3:20  Drone x2  
  43  3:24  Overlord  
  43  3:36  Overlord  
  43  3:42  Queen  
  43  3:44  Drone x2  
  43  3:45  Drone x2  
  49  3:49  Lair  
  49  3:53  Drone  
  49  3:55  Drone  
  51  3:56  Drone x3  
  51  3:58  Extractor x2  
  51  4:00  Drone  
  53  4:12  Zergling x4  
  53  4:16  Drone  
  53  4:17  Roach Warren  
  55  4:18  Overlord  
  55  4:19  Drone  
  55  4:24  Drone, Overlord  
  56  4:26  Overlord  
  56  4:29  Overlord  
  56  4:31  Spore Crawler  
  56  4:32  Spore Crawler, Queen  
  56  4:33  Spore Crawler  
  56  4:37  Zergling x4  
  58  4:42  Zergling x6  
  61  4:47  Overseer  
  61  4:49  Zergling x2  
  61  4:50  Zergling x4  
  64  4:55  Overlord  
  64  4:58  Roach x3  
  70  5:02  Drone x2  
  70  5:04  Drone x2  
  71  5:10  Drone  
  71  5:11  Drone x2  
  73  5:16  Drone x2  
  73  5:23  Drone x2  
  73  5:24  Glial Reconstitution  
  73  5:25  Drone  
  73  5:26  Drone  
  73  5:28  Drone  
  78  5:34  Drone x4  
  82  5:39  Drone  
  82  5:42  Drone x2  
  85  5:45  Drone x2  
  85  5:49  Overseer  
  87  5:52  Queen  
  89  5:57  Drone x5  
  89  5:59  Extractor  
  93  6:09  Roach x2  
  93  6:10  Overlord  
  96  6:13  Spire  
  96  6:15  Extractor  
  96  6:16  Extractor, Drone x2  
  96  6:17  Overlord  
  95  6:21  Drone  
  95  6:25  Drone x2, Overlord  
  96  6:29  Drone x2  
  96  6:32  Drone  
  100  6:38  Drone x4  
  105  6:40  Drone x2  
  105  6:45  Drone  
  107  6:50  Drone  
  107  6:51  Evolution Chamber x2, Overlord  
  106  6:54  Overlord  
  106  7:00  Overlord  
  106  7:05  Hatchery  
  105  7:11  Overlord  
  105  7:14  Roach x2  
  105  7:15  Roach x2  
  113  7:16  Drone x2  
  113  7:18  Drone, Zerg Melee Weapons Level 1, Zerg Missile Weapons Level 1  
  113  7:22  Drone  
  117  7:25  Drone  
  117  7:27  Drone x2  
  120  7:30  Evolution Chamber, Infestation Pit  
  120  7:32  Baneling Nest  
  120  7:35  Drone x5  
  120  7:36  Drone  
  123  7:37  Overlord  
  123  7:38  Overlord  
  123  7:43  Overlord  
  123  7:45  Overlord  
  123  7:48  Overlord  
  123  7:53  Roach  
  123  7:54  Roach x4  
  133  8:00  Ravager x4  
  133  8:01  Roach x5  
  133  8:05  Roach  
  142  8:17  Roach x6  
  151  8:20  Overlord  
  151  8:21  Centrifical Hooks  
  152  8:27  Ravager  
  150  8:34  Hive  
  150  8:35  Ravager x3  
  150  8:39  Hatchery  
  150  8:41  Zergling x16, Zerg Ground Armor Level 1  
  152  8:43  Ravager x2  
  152  8:48  Hatchery  
  161  8:51  Zergling x4  
  163  8:57  Corruptor x3  
  169  9:05  Corruptor x3  
  173  9:13  Zerg Melee Weapons Level 2  
  173  9:14  Zergling x2  
  173  9:15  Zergling x8  
  154  9:18  Zergling x4  
  146  9:25  Zergling x2  
  145  9:32  Ravager x2  
  145  9:33  Zergling x12  
  153  9:41  Ravager x2  
  153  9:42  Ravager, Baneling x10  
  153  9:44  Zergling x6, Hatchery  
  158  9:50  Baneling x7  
  158  9:51  Zergling x4  
  160  9:55  Hatchery  
  156  10:00  Zergling x6  
  156  10:01  Zerg Missile Weapons Level 2  
  156  10:07  Zergling x18  
  168  10:17  Adrenal Glands  
  168  10:21  Overseer  
  168  10:23  Drone x5  
  173  10:29  Baneling x9  
  173  10:30  Zergling x6  
  176  10:36  Zerg Ground Armor Level 2  
  176  10:37  Zergling x6  
  145  10:50  Zergling x6  
  145  10:51  Zergling x16  
  145  10:52  Zergling x4  
  143  10:59  Zergling x4, Roach x2  
  143  11:03  Zergling x4  
  149  11:05  Baneling x3  
  149  11:06  Zergling x2, Baneling  
  149  11:09  Baneling x2  
  149  11:10  Zergling x8, Baneling x2  
  154  11:11  Overseer  
  154  11:14  Zergling x6  
  156  11:21  Zergling x2  
  156  11:22  Zergling x10  
  156  11:27  Zergling x8  
  151  11:35  Zergling x18  
  151  11:36  Baneling x9  
  160  11:45  Zergling x12  
  160  11:46  Zergling x4  
  157  11:47  Baneling x6  
  157  11:50  Zergling x6  
  160  12:00  Zergling x12  
  148  12:05  Zergling x2  
  148  12:06  Zergling x6  
  141  12:13  Zergling x6, Roach x2  
  141  12:14  Overseer x2  
  141  12:16  Baneling x9  
  141  12:17  Zergling x8  
  145  12:23  Baneling x18  
  145  12:24  Zergling x2  
  145  12:31  Zergling x14  
  145  12:34  Overseer  
  152  12:39  Zergling x8  
  153  12:49  Zergling x4  
  153  12:50  Zergling x16  
  158  12:57  Zergling x18  
  148  13:04  Zergling x6  
  144  13:09  Zerg Ground Armor Level 3, Zerg Melee Weapons Level 3  
  144  13:12  Baneling  
  144  13:13  Baneling x7  
  144  13:14  Ravager x2  
  144  13:15  Drone  
  144  13:17  Zergling x4  
  149  13:24  Drone x2  
  149  13:25  Zergling x2  
  149  13:26  Zergling x10  
  156  13:28  Baneling x4  
  154  13:42  Zergling x14  
  154  13:46  Corruptor  
  161  13:51  Zergling x12  
  166  14:05  Zerg Missile Weapons Level 3  
  166  14:11  Hatchery, Baneling x4  
  166  14:12  Zergling x24  
  177  14:23  Viper x2  
  180  14:25  Baneling x2  
  180  14:26  Baneling x3  
  180  14:33  Queen x2  
  180  14:37  Corruptor x2  
  180  14:38  Overlord  
  188  14:41  Baneling x14  
  186  14:51  Zergling x8  
  186  14:52  Zergling x4  
  181  14:55  Zergling x14  
  188  15:01  Zergling x2  
  188  15:02  Zergling x14  
  184  15:08  Zergling x6  
  184  15:09  Hatchery  
  184  15:10  Zergling x2  
  184  15:11  Zergling x2  
  165  15:14  Zergling x2  
  165  15:16  Zergling x4  
  163  15:28  Hatchery  
  162  15:39  Baneling  
  162  15:40  Baneling x11  
  162  15:46  Zergling x8  
  162  15:47  Zergling x16  
  171  15:53  Hatchery  
  162  15:58  Zergling x16  
  169  16:05  Zergling x2  
  169  16:09  Zergling x2, Baneling x8  
  169  16:10  Zergling x6  
  174  16:15  Zergling x8  
  158  16:30  Zergling x16  
  158  16:36  Zergling x4  
  154  16:50  Zergling x2  
  154  16:52  Zergling x30  
  163  17:04  Zergling x10  
  163  17:05  Zergling x6  
  169  17:09  Zergling x4  
  163  17:17  Zergling x4  
Tags
 
Add a new tag
Caveats
  • Supply blocks, unpowered buildings, or Contaminate may cause inaccurate times.
  • Supply counts are checked every 10 seconds.